AoeStats
← Gripen

Black Forest

511000227Analyzed
4v4 RM · 11h ago on Oct 3, 2026· 51m 49s· 8 players
Game mode
Random Map
Map size
Large (8 player)
Population
200
Speed
Normal
Resources
Standard
Victory
Conquest
Starting age
Dark Age
Ending age
Imperial Age
RankedLock teamsTeams togetherTeam positionsShared explorationLock speedFull tech treeHidden civsTurbo modeCheats
Victory
Defeat
🇨🇳 Malians · China
1385
+13
🇹🇼 Celts · Taiwan
1384
+13
🇩🇪 Saxons · Germany
1370
+14
🇦🇺 Persians · Australia
1354
+15
🇸🇪 Mongols · Sweden
1515
-20
🇸🇪 Bohemians · Sweden
1464
-19
🇸🇪 Saxons · Sweden
1237
-10
🇸🇪 Varangians · Sweden
1088
-6
Get Sum
11:49 Feudal Age
12:48 Double-Bit Axe
15:23 Castle Age
17:11 Bow Saw
18:38 Wheelbarrow
20:51 Horse Collar
23:37 Fishing Lines
24:06 Heavy Plow
26:16 Hand Cart
25:54 Gold Mining
25:54 Stone Mining
26:55 Loom
27:50 Gold Shaft Mining
30:25 Imperial Age
28:30 Gillnets
28:41 Man-at-Arms
29:35 Scale Mail Armor
29:26 Gambesons
30:13 Squires
30:38 Chain Mail Armor
30:33 Forging
30:13 Treadmill Crane
30:32 Arson
30:35 Elite Varangian Guard
31:41 Conscription
30:48 Shield Wall
32:03 Plate Mail Armor
32:08 Iron Casting
32:39 Two-Man Saw
32:18 Iron Casting
31:33 Onager
35:50 Coinage
36:57 Pikeman
39:41 Siege Engineers
40:16 Banking
41:13 Hoardings
40:49 Masonry
40:35 Murder Holes
41:43 Chemistry
41:09 Halberdier
41:49 Fletching
41:59 Padded Archer Armor
41:49 Elite Hearth Troop
45:22 Guilds
48:34 Caravan
48:43 Long Swordsman
49:17 Two-Handed Swordsman
50:23 Champion
No_English
12:12 Feudal Age
15:58 Castle Age
14:00 Double-Bit Axe
15:14 Horse Collar
15:28 Fishing Lines
17:16 Wheelbarrow
17:21 Bow Saw
18:09 Heavy Plow
21:13 Loom
21:48 Gold Mining
21:46 Town Watch
23:23 Hand Cart
23:42 Fletching
25:05 Gold Shaft Mining
25:34 Stone Mining
26:17 Scale Mail Armor
29:22 Imperial Age
27:13 Caravan
28:02 Chain Mail Armor
28:30 Forging
28:26 Bodkin Arrow
30:05 Ballistics
29:47 Onager
30:30 Gambesons
30:31 Arson
31:18 Plate Mail Armor
30:36 Pikeman
32:07 Conscription
31:33 Halberdier
32:16 Capped Ram
33:18 Siege Ram
34:51 Iron Casting
35:18 Furor Celtica
35:42 Stronghold
36:54 Blast Furnace
35:48 Guard Tower
36:47 Siege Engineers
36:39 Murder Holes
36:30 Arrowslits
37:13 Elite Woad Raider
39:15 Padded Archer Armor
39:18 Town Patrol
41:57 Keep
42:22 Chemistry
41:37 Siege Onager
45:04 Fortified Wall
Cambo
7:45 Loom
11:34 Feudal Age
15:00 Castle Age
12:52 Double-Bit Axe
17:43 Fishing Lines
17:45 Horse Collar
21:33 Wheelbarrow
21:14 Bow Saw
21:57 Gillnets
23:20 Heavy Plow
28:20 Imperial Age
26:04 Scale Barding Armor
26:09 Forging
27:06 Chain Barding Armor
26:40 Gold Mining
26:40 Stone Mining
28:20 Iron Casting
28:50 Gold Shaft Mining
28:51 Stone Shaft Mining
28:42 Bloodlines
28:33 Husbandry
29:30 Hand Cart
29:37 Conscription
28:47 Elite War Elephant
30:31 Plate Barding Armor
30:56 Blast Furnace
30:17 Fletching
31:29 Two-Man Saw
37:15 Crop Rotation
37:51 Bodkin Arrow
39:58 Chemistry
39:18 Ballistics
42:32 Light Cavalry
46:36 Hussar
50:34 Scale Mail Armor
爆汁番茄
1:27 Loom
13:37 Feudal Age
26:35 Double-Bit Axe
29:45 Castle Age
29:48 Fishing Lines
31:32 Wheelbarrow
32:13 Bow Saw
37:04 Hand Cart
39:25 Imperial Age
39:31 Imperial Age
37:18 Hand Cart
39:05 Fortified Wall
39:07 Horse Collar
39:32 Onager
43:11 Heavy Plow
45:38 Conscription
45:27 Gold Mining
45:28 Stone Mining
46:55 Crop Rotation
46:45 Farimba
47:32 Bloodlines
47:26 Cavalier
48:14 Scale Barding Armor
48:22 Light Cavalry
50:00 Forging
50:48 Gold Shaft Mining
52:13 Chain Barding Armor
52:28 Iron Casting
Gripen
9:43 Feudal Age
13:49 Castle Age
12:21 Double-Bit Axe
12:53 Fishing Lines
15:12 Bow Saw
16:35 Gillnets
29:07 Imperial Age
26:23 Loom
28:14 Wheelbarrow
28:26 Caravan
28:41 Nomads
29:02 Fletching
29:28 Padded Archer Armor
29:46 Bloodlines
29:36 Husbandry
29:50 Capped Ram
31:09 Conscription
31:24 Drill
31:16 Gold Mining
31:52 Siege Ram
32:14 Elite Mangudai
33:40 Bodkin Arrow
35:57 Ballistics
36:38 Chemistry
35:27 Onager
37:46 Hoardings
37:25 Siege Engineers
37:36 Bracer
37:52 Leather Archer Armor
38:05 Parthian Tactics
37:45 Thumb Ring
38:35 Masonry
39:24 Scale Barding Armor
39:30 Forging
38:42 Light Cavalry
48:28 Pikeman
Redlocke
0:54 Loom
12:17 Feudal Age
13:17 Double-Bit Axe
14:32 Horse Collar
17:09 Castle Age
16:26 Town Watch
18:04 Bow Saw
22:27 Fishing Lines
26:12 Wheelbarrow
25:42 Gold Mining
26:56 Fortified Wall
31:27 Imperial Age
29:38 Hand Cart
29:47 Scale Mail Armor
29:46 Pikeman
30:43 Chain Mail Armor
31:08 Forging
31:01 Squires
31:15 Caravan
31:30 Halberdier
32:45 Plate Mail Armor
32:51 Iron Casting
32:41 Shield Wall
36:29 Conscription
41:49 Block Printing
42:17 Theocracy
44:03 Sanctity
45:46 Redemption
Wavedash
10:18 Feudal Age
11:34 Double-Bit Axe
12:55 Loom
16:25 Castle Age
14:34 Horse Collar
15:14 Bloodlines
17:31 Bow Saw
17:23 Heavy Plow
24:11 Gold Mining
24:11 Stone Mining
24:46 Forging
24:32 Treadmill Crane
26:57 Husbandry
27:29 Scale Barding Armor
29:43 Wheelbarrow
29:18 Town Watch
33:29 Imperial Age
32:03 Hand Cart
31:49 Town Patrol
32:00 Fishing Lines
32:23 Town Patrol
33:59 Iron Casting
33:44 Chain Barding Armor
33:59 Iron Casting
34:36 Vendel Legacy
36:54 Blast Furnace
36:14 Chain Barding Armor
36:38 Conscription
36:50 Chain Barding Armor
36:19 Cavalier
38:06 Stone Shaft Mining
39:26 Plate Barding Armor
40:46 Fletching
40:56 Padded Archer Armor
41:56 Scale Mail Armor
KalasKula
6:44 Loom
9:17 Feudal Age
9:35 Man-at-Arms
12:08 Double-Bit Axe
12:34 Town Watch
16:38 Wheelbarrow
16:00 Fletching
21:02 Castle Age
19:44 Horse Collar
21:43 Bodkin Arrow
21:10 Crossbowman
22:14 Bow Saw
22:28 Heavy Plow
23:50 Fervor
27:39 Hand Cart
32:46 Imperial Age
34:19 Chemistry
33:41 Siege Engineers
34:41 Caravan
35:10 Wagenburg Tactics
35:25 Conscription
35:04 Houfnice
37:08 Padded Archer Armor
40:04 Leather Archer Armor
43:11 Coinage
48:56 Guilds
51:51 Scale Mail Armor
51:52 Bracer
52:04 Forging
51:19 Pikeman
51:59 Squires
Connection lost

Rejoining the realm…

Still unreachable

The connection could not be restored.

Session expired

The server has moved on; the page needs a fresh start.